 Dungeon Crawl Stone Soup version 0.26-a0-412-ga3d1f51b80 (webtiles) character file.

Game seed: 16578834113648665360

587251 pupurumpum the Timeless (level 26, 0/208 HPs)
             Began as a Gnoll Arcane Marksman on July 23, 2020.
             Was a High Priest of Cheibriados.
             Killed by divine providence
             ... invoked by a greater mummy
              (18 damage)
             ... on level 2 of the Tomb of the Ancients on July 24, 2020.
             The game lasted 08:25:24 (70148 turns).

pupurumpum the Timeless (Gnoll Arcane Marksman)    Turns: 70148, Time: 08:25:25

Health: 0/208      AC: 51    Str: 29    XL:     26   Next: 87%
Magic:  31/57      EV: 19    Int: 24    God:    Cheibriados [*****.]
Gold:   4717       SH: 39    Dex: 27    Spells: 5/59 levels left

rFire    + . .     SeeInvis .   H - +3 mace "Keremif" {elec, *Drain MR+ Str+2}
rCold    + + +     Faith    .   P - +10 tower shield of Ignorance {rN+ Int-4}
rNeg     + + +     Spirit   .   F - +8 orange crystal plate armour {Archmagi, Int+3 Clar}
rPois    +         Reflect  +   V - +2 helmet "Teop Veci" {Harm rC+ MR++ Int-4}
rElec    +         Harm     +   Y - +2 cloak of Idealism {MR+ Slay+4}
rCorr    +         Clarity  +   l - +2 pair of gloves {archery}
MR       +++++                  o - +2 pair of boots "Lewad" {Regen+}
Stlth    ..........             O - amulet of Imeoj {Reflect rC+ SH+5}
HPRegen  0.84/turn              C - ring "Oseh" {+Inv rElec rN+++ MP+9 Str-4}
MPRegen  0.35/turn              W - ring of Syndicalism {MR+++ AC+4 Str+3 Int-4 Dex-5}

@: resistant, wereblooded, slowed, very slow
A: distributed training, fangs 2, hooves 1, berserk 2, blurry vision 1, cold
resistance 1, deterioration 1, high mp 1, weak 1, strong nose
}: 4/15 runes: serpentine, barnacled, slimy, silver
a: Bend Time, Temporal Distortion, Slouch, Step From Time, Renounce Religion,
Evoke Invisibility


You were on level 2 of the Tomb of the Ancients.
You worshipped Cheibriados.
Cheibriados was extremely pleased with you.
You visited 11 branches of the dungeon, and saw 49 of its levels.
You also visited: Gauntlet and Wizlab.

You collected 7927 gold pieces.
You spent 3210 gold pieces at shops.

Inventory:

Hand Weapons
 H - the +3 mace "Keremif" (weapon) {elec, *Drain MR+ Str+2}
   (You found it on level 4 of the Dungeon)

   Occasionally, upon striking a foe, it will discharge some electrical energy
   and cause terrible harm.
   It affects your strength (+2).
   It affects your resistance to hostile enchantments.
   It causes draining when unequipped.
Missiles
 n - 42 silver javelins (quivered)
 q - 79 javelins
 B - 7 silver boomerangs
Armour
 l - a +2 pair of gloves of archery (worn)
 o - the +2 pair of boots "Lewad" (worn) {Regen+}
   (You found it on level 5 of the Vaults)

   It increases your rate of regeneration.
 F - the +8 orange crystal plate armour (worn) {Archmagi, Int+3 Clar}
   (You took it off a deep elf high priest on level 3 of the Elven Halls)

   It affects your intelligence (+3).
   It protects you against confusion.
 P - the +10 tower shield of Ignorance (worn) {rN+ Int-4}
   (You bought it in a shop on level 2 of the Orcish Mines)

   It affects your intelligence (-4).
   It protects you from negative energy.
 V - the +2 helmet "Teop Veci" (worn) {Harm rC+ MR++ Int-4}
   (You found it on level 2 of the Elven Halls)

   It affects your intelligence (-4).
   It protects you from cold.
   It affects your resistance to hostile enchantments.
   It increases damage dealt and taken.
 Y - the +2 cloak of Idealism (worn) {MR+ Slay+4}
   (You found it in a wizard's laboratory)

   It affects your accuracy and damage with ranged weapons and melee attacks
   (+4).
   It affects your resistance to hostile enchantments.
Jewellery
 C - the ring "Oseh" (left hand) {+Inv rElec rN+++ MP+9 Str-4}
   (You took it off a deep elf death mage on level 3 of the Elven Halls)

   [ring of magical power]

   It affects your strength (-4).
   It insulates you from electricity.
   It renders you almost immune to negative energy.
   It affects your magic capacity (+9).
   It lets you turn invisible.
 O - the amulet of Imeoj (around neck) {Reflect rC+ SH+5}
   (You found it on level 3 of the Crypt)

   [amulet of reflection]

   It shields you and reflects attacks.
   It protects you from cold.
   It affects your SH (+5).
 W - the ring of Syndicalism (right hand) {MR+++ AC+4 Str+3 Int-4 Dex-5}
   (You took it off a deep elf demonologist on level 3 of the Elven Halls)

   [ring of protection]

   It affects your AC (+4).
   It affects your strength (+3).
   It affects your intelligence (-4).
   It affects your dexterity (-5).
   It affects your resistance to hostile enchantments.
Wands
 c - a wand of enslavement (10)
 f - a wand of acid (26)
 s - a wand of flame (41)
 x - a wand of random effects (23)
 y - a wand of digging (1)
 z - a wand of clouds (3)
 Z - a wand of iceblast (21)
Scrolls
 a - 5 scrolls of fear
 b - 6 scrolls of identify
 d - a scroll of amnesia
 e - a scroll of enchant armour
 m - 29 scrolls of teleportation
 u - 3 scrolls of summoning
 A - 5 scrolls of fog
 J - a scroll of holy word
 K - 3 scrolls of immolation
 L - 10 scrolls of magic mapping
 T - 4 scrolls of blinking
Potions
 g - a potion of magic
 h - a potion of flight
 j - 5 potions of curing
 p - 2 potions of resistance
 D - a potion of ambrosia
 I - 5 potions of brilliance
 N - 10 potions of might
 Q - 6 potions of heal wounds
 S - 2 potions of cancellation
Miscellaneous
 r - a tin of tremorstones (2/3)
 t - a lightning rod (4/4)
 G - a phial of floods
 R - 2 boxes of beasts
 U - 2 phantom mirrors


   Skills:
 + Level 17.3 Fighting
 + Level 17.1 Short Blades
 + Level 17.1 Long Blades
 + Level 17.1 Axes
 + Level 17.1 Maces & Flails
 + Level 17.1 Polearms
 + Level 17.1 Staves
 + Level 17.1 Slings
 + Level 17.6 Bows
 + Level 17.1 Crossbows
 + Level 17.1 Throwing
 + Level 17.1 Armour
 + Level 17.6 Dodging
 + Level 17.1 Stealth
 + Level 17.1 Shields
 + Level 17.1 Unarmed Combat
 + Level 17.3 Spellcasting
 + Level 14.7 Conjurations
 + Level 15.5 Hexes
 + Level 14.7 Summonings
 + Level 14.7 Necromancy
 + Level 14.7 Translocations
 + Level 14.7 Transmutations
 + Level 14.7 Fire Magic
 + Level 14.7 Ice Magic
 + Level 14.7 Air Magic
 + Level 14.7 Earth Magic
 + Level 14.7 Poison Magic
 + Level 18.4 Invocations
 + Level 17.1 Evocations


You had 5 spell levels left.
You knew the following spells:

 Your Spells              Type           Power        Failure   Level
a - Corona                Hex            #######      1%          1
b - Slow                  Hex            #######.     1%          2
c - Confusing Touch       Hex            #######.     1%          3
d - Cause Fear            Hex            #######...   1%          4
e - Ozocubu's Armour      Ice            #######.     1%          3
f - Frozen Ramparts       Ice            ######       1%          3
g - Lesser Beckoning      Tloc           #######...   1%          3
h - Apportation           Tloc           ######       1%          1
i - Passwall              Tmut/Erth      #######.     1%          2
j - Passage of Golubria   Tloc           N/A          2%          4
k - Blade Hands           Tmut           #######...   6%          5
l - Hailstorm             Conj/Ice       #######.     2%          4
m - Silence               Hex/Air        #######...   5%          5
n - Wereblood             Tmut           #######.     1%          2
o - Dispel Undead         Necr           #######.     2%          4
p - Irradiate             Conj/Tmut      #######...   6%          5
q - Tukima's Dance        Hex            #######.     1%          3

Your spell library contained the following spells:

 Spells                   Type           Power        Failure   Level
 Animate Skeleton         Necr           ######       1%          1
 Beastly Appendage        Tmut           ######       1%          1
 Freeze                   Ice            ####         1%          1
 Shock                    Conj/Air       ####         1%          1
 Summon Small Mammal      Summ           ####         1%          1
 Blink                    Tloc           N/A          1%          2
 Call Imp                 Summ           #######.     1%          2
 Corpse Rot               Necr/Air       N/A          1%          2
 Ensorcelled Hibernation  Hex/Ice        ######       1%          2
 Poisonous Vapours        Pois/Air       ######       1%          2
 Sublimation of Blood     Necr           #######...   1%          2
 Swiftness                Air            #######.     1%          2
 Call Canine Familiar     Summ           #######.     1%          3
 Dazzling Flash           Conj/Hex       ######       1%          3
 Gell's Gravitas          Tloc           #######...   1%          3
 Ignite Poison            Fire/Tmut/Pois #######.     1%          3
 Inner Flame              Hex/Fire       #######.     1%          3
 Mephitic Cloud           Conj/Pois/Air  #######.     1%          3
 Portal Projectile        Hex/Tloc       ######       1%          3
 Spider Form              Tmut/Pois      #######...   1%          3
 Static Discharge         Conj/Air       #######.     1%          3
 Stone Arrow              Conj/Erth      ######       1%          3
 Summon Guardian Golem    Hex/Summ       #######.     1%          3
 Leda's Liquefaction      Hex/Erth       #######...   1%          4
 Airstrike                Air            #######...   2%          4
 Ice Form                 Ice/Tmut       #######.     2%          4
 Petrify                  Tmut/Erth      #######.     2%          4
 Summon Ice Beast         Ice/Summ       #######.     2%          4
 Summon Lightning Spire   Summ/Air       #######.     2%          4
 Metabolic Englaciation   Hex/Ice        #######...   5%          5
 Summon Mana Viper        Hex/Summ       #######.     5%          5
 Yara's Violent Unravell  Hex/Tmut       #######...   5%          5
 Agony                    Necr           #######.     6%          5
 Alistair's Intoxication  Tmut/Pois      #######..    6%          5
 Bolt of Magma            Conj/Fire/Erth #######...   6%          5
 Excruciating Wounds      Necr           #######...   6%          5
 Fireball                 Conj/Fire      #######...   6%          5
 Lee's Rapid Deconstruct  Erth           #######...   6%          5
 Lightning Bolt           Conj/Air       #######...   6%          5
 Summon Demon             Summ           #######...   6%          5
 Summon Forest            Summ/Tloc      #######...   6%          5
 Invisibility             Hex            #######.     26%         6
 Dispersal                Tloc           #######...   34%         6
 Freezing Cloud           Conj/Ice/Air   #######...   34%         6
 Hydra Form               Tmut           #######...   34%         6
 Iron Shot                Conj/Erth      #######...   34%         6
 Ozocubu's Refrigeration  Ice            #######...   34%         6
 Shadow Creatures         Summ           N/A          34%         6
 Simulacrum               Ice/Necr       #######...   34%         6
 Starburst                Conj/Fire      #######...   34%         6
 Statue Form              Tmut/Erth      #######..    34%         6
 Dragon Form              Tmut           #######...   88%         7
 Haunt                    Necr/Summ      #######...   88%         7
 Spellforged Servitor     Conj/Summ      #######...   88%         7
 Summon Hydra             Summ           #######...   88%         7
 Borgnjor's Revivificati  Necr           #######...   100%        8
 Chain Lightning          Conj/Air       #######...   100%        8
 Controlled Blink         Tloc           N/A          100%        8
 Disjunction              Tloc           #######...   100%        8
 Ignition                 Fire           #######...   100%        8
 Infestation              Necr           #######...   100%        8
 Lehudib's Crystal Spear  Conj/Erth      #######...   100%        8
 Necromutation            Tmut/Necr      #######...   100%        8
 Absolute Zero            Ice            #######...   100%        9
 Death's Door             Necr           #######...   100%        9
 Fire Storm               Conj/Fire      #######...   100%        9
 Shatter                  Erth           #######...   100%        9
 Tornado                  Air            #######...   100%        9


Dungeon Overview and Level Annotations

Branches:
Dungeon (14/15)            Temple (1/1) D:4            Lair (6/6) D:11
 Shoals (4/4) Lair:4        Snake (4/4) Lair:4        Slime (5/5) Lair:5
    Orc (2/2) D:12            Elf (3/3) Orc:2        Vaults (5/5) D:14
  Crypt (3/3) Vaults:3       Tomb (2/3) Crypt:3      WizLab (visited)
Gauntlet (visited)

Altars:
Ashenzari
Cheibriados
Dithmenos
Elyvilon
Fedhas
Gozag
Hepliaklqana
Kikubaaqudgha
Makhleb
Nemelex Xobeh
Okawaru
Qazlal
Ru
Sif Muna
Trog
Uskayaw
Vehumet
Wu Jian
Xom
Yredelemnul
Zin
The Shining One
Beogh

Shops:
D:13 ?   D:14 [   Orc:2 :([*   Elf:3 (   Shoals:2 *   Snake:1 !   Vaults:1 [

Annotations:
Elf:1 2 transporters, Osotiubb's ghost, adept HOFi


Innate Abilities, Weirdness & Mutations

Your experience applies equally to all skills.
You have extremely sharp teeth.
Your uncanny sense of smell can sniff out nearby items.
You have large cloven feet.
You often lose your temper in combat.
Scrolls take you a little longer to read.
Your flesh is cold resistant. (rC+)
Your body sometimes deteriorates upon taking damage.
You have an increased reservoir of magic. (+10% MP)
You are weak. (Str -2)


Message History

You feel invigorated.
You howl as the wereblood boils in your veins!
You feel sick.
The guardian mummy throws a boomerang.
The boomerang barely misses you.
The weapon returns to the guardian mummy!
A skeletal warrior comes into view. It is wielding a +0 hand axe.
The guardian mummy closely misses you.
A mummy priest comes into view.
The greater mummy calls on the powers of darkness!
Your body is wracked with pain!
* * * LOW HITPOINT WARNING * * *
Okay, then.
You feel better.
You feel less invigorated.
The greater mummy gestures at you while chanting.
Something smites you!
* * * LOW HITPOINT WARNING * * *
You block the guardian mummy's attack.
The greater mummy gestures at you while chanting.
Something smites you!
You die...

...............
.......Mn....z^
(.....M........
M..............
......Mz$......
M#..........Z#M
...........?...
.......@M/.....
.......M.......
.#.....MM$...#.
...............
......(........
...............
....)...M......
............M.(


You could see 4 greater mummies, a mummy priest, a skeletal warrior, 4 guardian
mummies, a necrophage (summoned), a flying skull (summoned), 3 mummies and a
stone giant skeleton.

Vanquished Creatures
  the Royal Jelly (Slime:5)
  An ancient lich (Vaults:5)
  Mennas (Vaults:2)
  Mara (Shoals:4)
  4 greater mummies
  Saint Roka (Orc:2)
  Vashnia (Snake:4)
  2 golden dragons (Vaults:5)
  Jory (Crypt:1)
  Nikola (Shoals:4)
  A Hellbinder (WizLab)
  A shard shrike zombie (Crypt:1)
  Jorgrun (D:14)
  10 liches
  2 deep elf master archers (Elf:3)
  A quicksilver dragon (Vaults:4)
  A shard shrike skeleton (Crypt:3)
  3 deep elf blademasters
  8 titans (Vaults:5)
  35 acid blobs
  4 ancient champions
  14 sphinxes
  The ghost of Wicin the Peltast, an adept HuWn of Kikubaaqudgha (Snake:2)
  The ghost of lis82 the Stormcaller, an adept DgAE (Snake:4)
  Agnes (D:14)
  2 storm dragons
  8 shadow dragons
  6 tengu reavers (Vaults:5)
  4 nagarajas (Snake:4)
  The ghost of Eciy the Sharpshooter, an adept KoBe of Trog (Snake:3)
  7 frost giants
  17 azure jellies
  3 fire giants
  Ilsuiw (Shoals:2)
  8 revenants
  9 deep elf sorcerers
  5 curse skulls
  16 vault wardens
  A cacodemon (WizLab)
  14 ironheart preservers
  5 ghouls (Crypt:1)
  3 deep elf elementalists (Elf:3)
  A caustic shrike zombie (Crypt:3)
  12 stone giants
  A very ugly thing (Vaults:5)
  A war gargoyle (Vaults:2)
  2 reapers (Crypt:2)
  A black sun (WizLab)
  A lorocyproca (WizLab)
  12 deep elf demonologists
  3 vampire knights
  Nessos (D:14)
  Azrael (D:14)
  5 deep elf annihilators
  2 minotaurs
  11 deep elf death magi
  3 jiangshi (Crypt:2)
  2 ettins
  2 blizzard demons
  5 eidola
  6 merfolk javelineers
  17 mummy priests
  10 death oozes
  5 great orbs of eyes
  2 fire dragons
  5 deep elf high priests
  8 merfolk impalers
  2 hell beasts (WizLab)
  7 yaktaur captains
  32 vault guards
  3 rakshasas
  23 naga warriors
  Harold (Orc:1)
  5 ogre magi
  10 anacondas
  4 merfolk avatars (Shoals:4)
  A catoblepas (Lair:6)
  2 hydras
  3 death knights
  A spectral frost giant (Crypt:3)
  12 two-headed ogres
  7 merfolk aquamancers
  2 alligators (Vaults:3)
  3 centaur warriors
  2 deep troll shamans
  20 death scarabs
  2 satyrs (Shoals:3)
  A spectral stone giant (Crypt:3)
  4 large abominations
  17 dancing weapons
  Urug (Orc:2)
  10 death yaks
  3 orc high priests (Orc:2)
  4 deep troll earth magi
  5 vampire magi
  5 soul eaters
  2 thrashing horrors (Gauntlet)
  8 naga sharpshooters
  8 shock serpents
  25 deep elf knights
  A sun demon (WizLab)
  2 titan skeletons
  19 shadow wraiths
  A spectral catoblepas (Crypt:3)
  A fire crab (shapeshifter) (Vaults:5)
  3 salamander mystics
  3 sixfirhies (WizLab)
  5 flayed ghosts
  3 unseen horrors
  A wizard (Vaults:2)
  16 skeletal warriors
  A death drake (shapeshifter) (Vaults:5)
  24 deep trolls
  16 sea snakes
  A glowing orange brain (Slime:3)
  10 naga ritualists
  16 orc knights
  A spectral anaconda (Crypt:3)
  23 deep elf archers
  A tengu zombie (Vaults:5)
  33 phantasmal warriors
  12 ironbrand convokers
  A lindwurm (Lair:6)
  A spectral wolf spider (Crypt:3)
  An anaconda skeleton (Crypt:2)
  6 necromancers
  A golden dragon skeleton (Vaults:5)
  A mana viper (shapeshifter) (Vaults:5)
  A lindwurm (shapeshifter) (Elf:2)
  72 deep elf magi
  10 wolf spiders
  21 harpies
  An oklob plant (Lair:5)
  An orb spider (shapeshifter) (Vaults:4)
  8 mana vipers
  9 shining eyes
  2 shadow dragon skeletons
  7 cyclopes
  6 orc sorcerers
  A spectral fire dragon (Crypt:3)
  A fire giant zombie (Crypt:3)
  A frost giant zombie (Tomb:1)
  16 ugly things
  9 manticores
  Maurice (D:8)
  A moth of wrath (Snake:4)
  6 salamanders
  6 merfolk sirens
  3 elephants (Lair:6)
  31 black mambas
  20 vault sentinels
  6 eyes of devastation
  A frost giant skeleton (Tomb:2)
  7 guardian serpents
  18 naga magi
  6 water nymphs
  4 gargoyles
  A stone giant skeleton (Tomb:1)
  A smoke demon (WizLab)
  A titan simulacrum (Crypt:2)
  A fire giant skeleton (Crypt:1)
  A torpor snail (Lair:2)
  A centaur skeleton (D:12)
  A death yak zombie (Crypt:1)
  4 cane toads
  An efreet (D:12)
  2 orange demons (WizLab)
  3 hellions (WizLab)
  5 komodo dragons
  4 kobold demonologists (D:11)
  A rime drake (Lair:2)
  A yaktaur zombie (Vaults:4)
  33 yaktaurs
  A hellwing (WizLab)
  A minotaur zombie (Crypt:2)
  2 golden dragon simulacra (Crypt:2)
  2 ice devils
  2 tormentors (WizLab)
  22 freezing wraiths
  29 guardian mummies
  An anaconda simulacrum (Crypt:2)
  2 red devils (WizLab)
  6 trolls
  3 meliai (D:13)
  A queen bee (shapeshifter) (Elf:3)
  A shadow dragon simulacrum (Crypt:2)
  A polar bear (D:10)
  5 hornets
  A hydra zombie (Crypt:3)
  A merfolk (shapeshifter) (Vaults:4)
  2 wind drakes
  A wind drake (shapeshifter) (D:14)
  A tyrant leech (Vaults:3)
  A wolf spider simulacrum (Crypt:2)
  105 slime creatures
  28 merfolk
  5 blink frogs (Lair:6)
  2 ettin zombies
  2 fire giant simulacra
  A meliai zombie (D:14)
  10 snapping turtles
  2 ice dragon zombies
  A hippogriff (shapeshifter) (Vaults:2)
  2 frost giant simulacra (Crypt:2)
  An ice dragon skeleton (Crypt:3)
  7 hippogriffs
  3 ettin skeletons
  14 small abominations
  2 stone giant simulacra
  Sigmund (D:6)
  A fire dragon skeleton (Tomb:1)
  An air elemental (Elf:3)
  9 shadows
  20 water elementals
  16 wraiths
  A ynoxinul (WizLab)
  5 yaks
  33 flying skulls
  A wyvern (shapeshifter) (Vaults:2)
  3 wyverns
  2 shock serpent simulacra (Crypt:2)
  6 basilisks
  7 fire elementals
  A human (shapeshifter) (Vaults:3)
  2 chaos spawn (WizLab)
  A hog (shapeshifter) (Vaults:4)
  A neqoxec (WizLab)
  4 golden eyes
  Menkaure (D:6)
  A yaktaur simulacrum (Vaults:1)
  6 wargs
  Edmund (D:4)
  70 nagas
  A swamp worm (shapeshifter) (Vaults:5)
  2 hydra simulacra (Crypt:2)
  14 water moccasins
  An acid dragon (Vaults:2)
  A deep troll zombie (Vaults:4)
  A soldier ant (shapeshifter) (Vaults:5)
  A gelid demonspawn skeleton (Crypt:2)
  5 porcupines
  A floating eye (Slime:5)
  2 hell hounds (D:14)
  A deep troll skeleton (Vaults:4)
  38 orc warriors
  4 ice beasts
  2 black bears
  A necrophage (D:6)
  18 ogres
  8 phantoms
  A sky beast (D:8)
  An ettin simulacrum (Crypt:2)
  7 eyes of draining
  An ice dragon simulacrum (Crypt:2)
  7 boggarts
  A fire dragon simulacrum (Crypt:2)
  7 wolves
  9 centaurs
  3 human skeletons
  A crocodile (shapeshifter) (Vaults:5)
  A swamp dragon skeleton (Crypt:3)
  A blink frog skeleton (Crypt:1)
  9 crocodiles
  6 big kobolds
  A salamander zombie (Crypt:2)
  5 earth elementals
  17 bullfrogs
  A draconian skeleton (Crypt:2)
  A cane toad simulacrum (Crypt:2)
  A water moccasin zombie (D:12)
  9 scorpions
  4 troll zombies (D:12)
  2 wyvern skeletons
  A manticore simulacrum (Crypt:2)
  4 killer bees (D:9)
  9 electric eels
  A troll skeleton (Crypt:3)
  9 wights
  A howler monkey (D:9)
  A bullfrog zombie (D:6)
  2 centaur zombies (D:11)
  4 human zombies (Crypt:1)
  2 quasits (D:11)
  4 hounds
  Crazy Yiuf (D:5)
  4 jellies
  6 bullfrog skeletons
  16 orc priests
  33 orc wizards
  Jessica (D:2)
  A black bear zombie (Crypt:1)
  2 iguanas
  10 worker ants
  A porcupine skeleton (Crypt:3)
  A killer bee zombie (Crypt:1)
  2 ogre zombies (D:12)
  A tengu skeleton (Tomb:2)
  An ogre skeleton (Crypt:2)
  2 hound zombies (D:11)
  26 mummies
  Robin (D:3)
  A howler monkey zombie (D:5)
  A worker ant zombie (D:3)
  2 howler monkey skeletons
  19 adders
  6 white imps
  3 ufetubi
  3 oozes
  An adder skeleton (D:6)
  2 adder zombies
  An iguana skeleton (Crypt:1)
  5 worms
  4 dart slugs
  9 leopard geckos
  89 orcs
  2 ball pythons (D:3)
  10 bats
  11 giant cockroaches
  13 goblins
  8 hobgoblins
  13 jackals
  8 quokkas
  10 frilled lizards
  A frilled lizard skeleton (Crypt:3)
  A goblin skeleton (Crypt:1)
  A goblin zombie (D:12)
  A hobgoblin skeleton (D:12)
  3 hobgoblin zombies (D:12)
  21 kobolds
  A leopard gecko skeleton (D:7)
  A leopard gecko zombie (Crypt:3)
  4 orc skeletons
  11 orc zombies (D:12)
  A quokka skeleton (D:8)
  6 rats
  A rat skeleton (Crypt:3)
  13 crawling corpses
  9 plants
2208 creatures vanquished.

Vanquished Creatures (collateral kills)
  An acid blob (Slime:5)
  An azure jelly (Slime:5)
  A vault guard (Vaults:5)
  2 skeletal warriors (Crypt:1)
  2 red devils (WizLab)
7 creatures vanquished.

Vanquished Creatures (others)
  A golden dragon (Vaults:5)
  A dancing weapon (Crypt:1)
  A deep elf knight (Elf:1)
  A small abomination (Vaults:5)
  A deep elf mage (Elf:1)
  A manticore (Shoals:1)
  A rust devil (WizLab)
  A water elemental (Shoals:2)
  A hound (D:14)
  A white imp (D:10)
  An orc (Vaults:5)
  2 fungi
  2 plants
  4 withered plants (Gauntlet)
19 creatures vanquished.

Grand Total: 2234 creatures vanquished

Notes
Turn   | Place    | Note
-------+----------+-------------------------------------------
     0 | D:1      | pupurumpum the Gnoll Arcane Marksman began the quest for
                  | the Orb.
     0 | D:1      | Reached XP level 1. HP: 17/17 MP: 4/4
    68 | D:1      | Reached XP level 2. HP: 23/23 MP: 3/5
   383 | D:1      | Reached XP level 3. HP: 28/28 MP: 4/7
   691 | D:1      | Reached skill level 1 in Invocations
   937 | D:2      | Reached skill level 1 in Short Blades
   937 | D:2      | Reached skill level 1 in Long Blades
   937 | D:2      | Reached skill level 1 in Axes
   937 | D:2      | Reached skill level 1 in Maces & Flails
   937 | D:2      | Reached skill level 1 in Polearms
   937 | D:2      | Reached skill level 1 in Staves
   937 | D:2      | Reached skill level 1 in Slings
   937 | D:2      | Reached skill level 1 in Crossbows
   937 | D:2      | Reached skill level 1 in Throwing
   937 | D:2      | Reached skill level 1 in Armour
   937 | D:2      | Reached skill level 1 in Stealth
   937 | D:2      | Reached skill level 1 in Shields
   937 | D:2      | Reached skill level 1 in Unarmed Combat
   937 | D:2      | Reached skill level 1 in Evocations
   965 | D:2      | Learned a level 2 spell: Slow
  1000 | D:2      | Reached XP level 4. HP: 34/34 MP: 6/8
  1207 | D:2      | Found an ornate altar of the Wu Jian Council.
  1365 | D:2      | Noticed Jessica
  1370 | D:2      | Killed Jessica
  1370 | D:2      | Reached skill level 1 in Conjurations
  1370 | D:2      | Reached skill level 1 in Summonings
  1370 | D:2      | Reached skill level 1 in Necromancy
  1370 | D:2      | Reached skill level 1 in Translocations
  1370 | D:2      | Reached skill level 1 in Transmutations
  1370 | D:2      | Reached skill level 1 in Fire Magic
  1370 | D:2      | Reached skill level 1 in Ice Magic
  1370 | D:2      | Reached skill level 1 in Air Magic
  1370 | D:2      | Reached skill level 1 in Earth Magic
  1370 | D:2      | Reached skill level 1 in Poison Magic
  1499 | D:2      | Reached XP level 5. HP: 40/40 MP: 5/9
  2112 | D:3      | Noticed Robin
  2502 | D:3      | Killed Robin
  2794 | D:3      | Found a stormy altar of Qazlal.
  2797 | D:3      | Found an opulent altar of Gozag.
  2803 | D:3      | Found a glowing golden altar of the Shining One.
  2895 | D:3      | You fall into a shaft and drop 1 floor!
  2897 | D:4      | Found a staircase to the Ecumenical Temple.
  2907 | Temple   | Entered the Ecumenical Temple
  3107 | Temple   | Became a worshipper of Cheibriados the Contemplative
  3171 | D:4      | Noticed an ogre
  3172 | D:4      | Reached skill level 2 in Invocations
  3172 | D:4      | Reached XP level 6. HP: 47/47 MP: 8/11
  3183 | D:4      | Reached skill level 5 in Bows
  3183 | D:4      | Reached skill level 5 in Dodging
  3203 | D:4      | Reached XP level 7. HP: 37/52 MP: 5/12
  3600 | D:4      | Got a dazzling mace
  3601 | D:4      | Identified the +3 mace "Keremif" {elec, *Drain MR+ Str+2}
                  | (You found it on level 4 of the Dungeon)
  3753 | D:4      | Reached * piety under Cheibriados
  4100 | D:4      | Noticed Edmund
  4114 | D:4      | Killed Edmund
  4114 | D:4      | Reached skill level 3 in Invocations
  4258 | D:4      | Reached XP level 8. HP: 54/60 MP: 14/14
  4577 | D:5      | Entered Level 5 of the Dungeon
  5098 | D:5      | Reached ** piety under Cheibriados
  5580 | D:5      | Found a runed translucent door.
  5581 | D:5      | Noticed Crazy Yiuf
  5586 | D:5      | Killed Crazy Yiuf
  5849 | D:6      | Reached skill level 4 in Invocations
  5881 | D:6      | Noticed Menkaure
  5891 | D:6      | Killed Menkaure
  5891 | D:6      | Reached XP level 9. HP: 22/66 MP: 7/16
  6243 | D:6      | Found a white marble altar of Elyvilon.
  6275 | D:6      | Reached *** piety under Cheibriados
  6330 | D:6      | Noticed Sigmund
  6338 | D:6      | Killed Sigmund
  6444 | D:6      | Reached skill level 5 in Spellcasting
  6650 | D:6      | Found a shadowy altar of Dithmenos.
  6999 | D:7      | Found a shattered altar of Ashenzari.
  7218 | D:7      | Found a shimmering blue altar of Sif Muna.
  7287 | D:7      | Reached skill level 5 in Fighting
  7661 | D:8      | Noticed a two-headed ogre
  7673 | D:8      | Killed a two-headed ogre
  7673 | D:8      | Reached **** piety under Cheibriados
  7673 | D:8      | Reached skill level 5 in Invocations
  7673 | D:8      | Reached XP level 10. HP: 46/74 MP: 10/18
  7977 | D:8      | Reached skill level 5 in Short Blades
  7977 | D:8      | Reached skill level 5 in Long Blades
  7977 | D:8      | Reached skill level 5 in Axes
  7977 | D:8      | Reached skill level 5 in Maces & Flails
  7977 | D:8      | Reached skill level 5 in Polearms
  7977 | D:8      | Reached skill level 5 in Staves
  7977 | D:8      | Reached skill level 5 in Slings
  7977 | D:8      | Reached skill level 5 in Crossbows
  7977 | D:8      | Reached skill level 5 in Throwing
  7977 | D:8      | Reached skill level 5 in Armour
  7977 | D:8      | Reached skill level 5 in Stealth
  7977 | D:8      | Reached skill level 5 in Shields
  7977 | D:8      | Reached skill level 5 in Unarmed Combat
  7977 | D:8      | Reached skill level 5 in Evocations
  8139 | D:8      | Noticed Maurice
  8150 | D:8      | Killed Maurice
  8527 | D:9      | Noticed a green ugly thing
  8534 | D:9      | Killed a green ugly thing
  8552 | D:9      | Was placed under penance by Cheibriados
  8558 | D:9      | Was forgiven by Cheibriados
  8724 | D:9      | Reached skill level 6 in Invocations
  8765 | D:9      | Found a shimmering altar of Xom.
  8767 | D:9      | Noticed a two-headed ogre
  8776 | D:9      | Killed a two-headed ogre
  9234 | D:9      | Reached ***** piety under Cheibriados
  9308 | D:9      | Reached XP level 11. HP: 83/83 MP: 20/20
  9391 | D:10     | Entered Level 10 of the Dungeon
  9716 | D:10     | Reached skill level 5 in Conjurations
  9716 | D:10     | Reached skill level 5 in Summonings
  9716 | D:10     | Reached skill level 5 in Necromancy
  9716 | D:10     | Reached skill level 5 in Translocations
  9716 | D:10     | Reached skill level 5 in Transmutations
  9716 | D:10     | Reached skill level 5 in Fire Magic
  9716 | D:10     | Reached skill level 5 in Ice Magic
  9716 | D:10     | Reached skill level 5 in Air Magic
  9716 | D:10     | Reached skill level 5 in Earth Magic
  9716 | D:10     | Reached skill level 5 in Poison Magic
 10594 | D:11     | Noticed a cyan ugly thing
 10878 | D:11     | Noticed a two-headed ogre
 10886 | D:11     | Killed a two-headed ogre
 11119 | D:11     | Reached skill level 7 in Invocations
 11131 | D:11     | Killed a cyan ugly thing
 11306 | D:11     | Reached ****** piety under Cheibriados
 11422 | D:11     | Noticed a two-headed ogre
 11424 | D:11     | Killed a two-headed ogre
 11516 | D:11     | Noticed a manticore
 11528 | D:11     | Killed a manticore
 11535 | D:11     | Noticed an orc knight
 11548 | D:11     | Reached XP level 12. HP: 63/91 MP: 16/23
 11798 | D:11     | Noticed a centaur warrior
 11809 | D:11     | Killed a centaur warrior
 12159 | D:11     | Found a staircase to the Lair.
 12503 | Lair:1   | Entered Level 1 of the Lair of Beasts
 12522 | Lair:1   | Learned a level 3 spell: Confusing Touch
 12527 | Lair:1   | Learned a level 4 spell: Cause Fear
 12584 | Lair:1   | Noticed a four-headed hydra
 12597 | Lair:1   | Was placed under penance by Cheibriados
 12603 | Lair:1   | Killed a four-headed hydra
 12603 | Lair:1   | Was forgiven by Cheibriados
 13168 | Lair:2   | Reached skill level 8 in Invocations
 13430 | Lair:2   | Noticed a death yak
 13445 | Lair:2   | Killed a death yak
 13560 | Lair:2   | Got a clouded copper ring
 13562 | Lair:2   | Identified the ring "Biuj" {rElec MP-9 Slay+2 Stlth+} (You
                  | found it on level 2 of the Lair of Beasts)
 15586 | Lair:4   | Found a staircase to the Snake Pit.
 15747 | Lair:4   | Found a staircase to the Shoals.
 15759 | Lair:4   | Reached XP level 13. HP: 40/98 MP: 8/25
 17091 | Lair:5   | Found a staircase to the Slime Pits.
 17425 | Lair:6   | Entered Level 6 of the Lair of Beasts
 17728 | Lair:6   | Learned a level 3 spell: Ozocubu's Armour
 17732 | Lair:6   | Learned a level 3 spell: Frozen Ramparts
 17863 | Lair:6   | Reached skill level 9 in Invocations
 19933 | D:12     | Reached XP level 14. HP: 108/108 MP: 18/27
 20095 | D:12     | Reached skill level 10 in Bows
 20095 | D:12     | Reached skill level 10 in Dodging
 20142 | D:12     | Found a staircase to the Orcish Mines.
 21406 | D:13     | Found Plog's Magic Scroll Shoppe.
 21414 | D:13     | Bought a scroll of identify for 38 gold pieces
 21414 | D:13     | Bought a scroll of identify for 38 gold pieces
 21749 | D:13     | Found a hide-covered altar of Uskayaw.
 21785 | D:14     | Found Adun's Armour Boutique.
 21788 | D:14     | Bought the +1 chain mail of Greed {-Tele MR++ Str+4} for
                  | 443 gold pieces
 21809 | D:14     | Found a gate leading to a gauntlet.
 21824 | Gauntlet | Entered a Gauntlet
 21824 | Gauntlet | Found a transporter.
 21824 | Gauntlet | Found a transporter.
 21824 | Gauntlet | Found a transporter.
 21824 | Gauntlet | Found the macabre finger necklace {rN+}
 21827 | Gauntlet | Found a transporter.
 21829 | Gauntlet | Found a transporter.
 21830 | Gauntlet | Found a transporter.
 21843 | Gauntlet | Found a transporter.
 21846 | Gauntlet | Found a transporter.
 21859 | Gauntlet | Found a transporter.
 21871 | Gauntlet | Found a transporter.
 21876 | Gauntlet | Found a transporter.
 21876 | Gauntlet | Found a transporter.
 21968 | Gauntlet | Reached skill level 10 in Invocations
 22843 | Orc:1    | Entered Level 1 of the Orcish Mines
 22996 | Orc:1    | Noticed Harold
 23009 | Orc:1    | Killed Harold
 23138 | Orc:2    | Entered Level 2 of the Orcish Mines
 23162 | Orc:2    | Found a roughly hewn altar of Beogh.
 23263 | Orc:2    | Noticed Saint Roka
 23286 | Orc:2    | Noticed Urug
 23294 | Orc:2    | Reached skill level 10 in Spellcasting
 23304 | Orc:2    | HP: 4/109 [Saint Roka/divine providence (12)]
 23307 | Orc:2    | Killed Urug
 23307 | Orc:2    | Reached skill level 10 in Fighting
 23307 | Orc:2    | Killed Saint Roka
 23307 | Orc:2    | Reached XP level 15. HP: 43/115 MP: 1/29
 23746 | Orc:2    | Found a roughly hewn altar of Beogh.
 23758 | Orc:2    | Found Dogeoq's Antique Armour Shoppe.
 24033 | Orc:2    | Found a staircase to the Elven Halls.
 24172 | Orc:2    | Found Ijuomyor's Antique Weapon Shoppe.
 24187 | Orc:2    | Found Vaas's Book Shoppe.
 24202 | Orc:2    | Found Mude's General Store.
 24210 | Orc:2    | Bought a +1 buckler of positive energy for 189 gold pieces
 24336 | Elf:1    | Entered Level 1 of the Elven Halls
 24625 | Elf:1    | Identified the +1 quick blade of the Dark Horse {vamp, rF+
                  | MP+9 Dex+4}
 24625 | Elf:1    | Noticed a deep elf blademaster
 24626 | Elf:1    | Noticed Osotiubb's ghost (adept HOFi)
 24628 | Elf:1    | Found a bloodstained altar of Trog.
 24628 | Elf:1    | Identified the cursed +2 rapier "Luteyd" {flame, +Blink
                  | rPois MP+9 Int+2}
 24628 | Elf:1    | Noticed a deep elf blademaster
 24635 | Elf:1    | Identified the +5 longbow of Riong {flame, SInv}
 24635 | Elf:1    | Noticed a deep elf master archer
 24641 | Elf:1    | Found a transporter.
 24645 | Elf:1    | Found a transporter.
 24702 | Elf:1    | Reached skill level 10 in Hexes
 24716 | Elf:1    | Noticed a deep elf sorcerer
 24724 | Elf:1    | Killed a deep elf sorcerer
 24724 | Elf:1    | Reached skill level 10 in Short Blades
 24724 | Elf:1    | Reached skill level 10 in Long Blades
 24724 | Elf:1    | Reached skill level 10 in Axes
 24724 | Elf:1    | Reached skill level 10 in Maces & Flails
 24724 | Elf:1    | Reached skill level 10 in Polearms
 24724 | Elf:1    | Reached skill level 10 in Staves
 24724 | Elf:1    | Reached skill level 10 in Slings
 24724 | Elf:1    | Reached skill level 10 in Crossbows
 24724 | Elf:1    | Reached skill level 10 in Throwing
 24724 | Elf:1    | Reached skill level 10 in Armour
 24724 | Elf:1    | Reached skill level 10 in Stealth
 24724 | Elf:1    | Reached skill level 10 in Shields
 24724 | Elf:1    | Reached skill level 10 in Unarmed Combat
 24724 | Elf:1    | Reached skill level 10 in Evocations
 25107 | Elf:1    | Reached skill level 11 in Invocations
 25666 | Elf:1    | Identified the Almanac of Creation
 27080 | Elf:2    | Got a masterwork helmet
 27091 | Elf:2    | Identified the +2 helmet "Teop Veci" {Harm rC+ MR++ Int-4}
                  | (You found it on level 2 of the Elven Halls)
 27120 | Elf:2    | Reached XP level 16. HP: 42/124 MP: 0/30
 27395 | Elf:2    | Found a runed translucent gate.
 27395 | Elf:2    | Found a runed translucent gate.
 27401 | Elf:2    | Found a runed translucent gate.
 27454 | Elf:2    | Learned a level 3 spell: Lesser Beckoning
 27647 | Elf:2    | Noticed a deep elf blademaster
 27659 | Elf:2    | Killed a deep elf blademaster
 27663 | Elf:2    | HP: 4/124 [+2 lajatang of venom (28)]
 29577 | Elf:3    | Entered Level 3 of the Elven Halls
 30059 | Elf:3    | Noticed a deep elf blademaster
 30066 | Elf:3    | Killed a deep elf blademaster
 30086 | Elf:3    | Reached skill level 12 in Invocations
 30090 | Elf:3    | Noticed a deep elf master archer
 30095 | Elf:3    | Killed a deep elf master archer
 30275 | Elf:3    | Identified the ring of Syndicalism {MR+++ AC+4 Str+3 Int-4
                  | Dex-5}
 30285 | Elf:3    | Reached XP level 17. HP: 96/131 MP: 12/32
 30807 | Elf:3    | Identified a ring "Difuh" {+Fly rElec rC+ MR+ Str+4}
 30807 | Elf:3    | Noticed a deep elf blademaster
 30811 | Elf:3    | Killed a deep elf blademaster
 31161 | Elf:3    | Noticed a deep elf master archer
 31176 | Elf:3    | Killed a deep elf master archer
 31970 | Elf:3    | Identified the ring "Oseh" {+Inv rElec rN+++ MP+9 Str-4}
 32243 | Elf:3    | Reached skill level 10 in Conjurations
 32243 | Elf:3    | Reached skill level 10 in Summonings
 32243 | Elf:3    | Reached skill level 10 in Necromancy
 32243 | Elf:3    | Reached skill level 10 in Translocations
 32243 | Elf:3    | Reached skill level 10 in Transmutations
 32243 | Elf:3    | Reached skill level 10 in Fire Magic
 32243 | Elf:3    | Reached skill level 10 in Ice Magic
 32243 | Elf:3    | Reached skill level 10 in Air Magic
 32243 | Elf:3    | Reached skill level 10 in Earth Magic
 32243 | Elf:3    | Reached skill level 10 in Poison Magic
 32660 | Elf:3    | Found Boiqi Cu Mom's Weapon Shoppe.
 32703 | Elf:3    | Got masterwork quicksilver dragon scales
 32804 | Elf:3    | Learned a level 1 spell: Apportation
 33003 | Elf:3    | Identified the quicksilver dragon scales of Surprise {-Tele
                  | Harm rC+ MR+ Slay+6} (You found it on level 3 of the Elven
                  | Halls)
 33015 | Elf:3    | Got a smoking shortbow
 33347 | Snake:1  | Entered Level 1 of the Snake Pit
 34026 | Snake:1  | Found a glowing golden altar of the Shining One.
 34079 | Snake:1  | Found Zytrut's Distillery.
 34229 | Snake:1  | Reached XP level 18. HP: 140/140 MP: 34/34
 35289 | Snake:2  | Found a runed translucent door.
 35290 | Snake:2  | Noticed Wicin's ghost (adept HuWn)
 35311 | Snake:2  | Killed Wicin's ghost
 35321 | Snake:2  | Got a scorched pewter ring
 35359 | Snake:2  | Identified the ring of Jealousy {*Tele rElec Str+4 Int+2}
                  | (You found it on level 2 of the Snake Pit)
 35557 | Snake:3  | Reached skill level 13 in Invocations
 36468 | Snake:3  | Found a runed translucent door.
 36469 | Snake:3  | Noticed Eciy's ghost (adept KoBe)
 36507 | Snake:3  | Killed Eciy's ghost
 36541 | Snake:4  | Entered Level 4 of the Snake Pit
 36547 | Snake:4  | Found a bloodstained altar of Trog.
 36547 | Snake:4  | Identified the +2 trident of Mangoes {antimagic, Str+3
                  | SInv}
 36547 | Snake:4  | Noticed lis82's ghost (adept DgAE)
 36548 | Snake:4  | Found a transporter.
 36548 | Snake:4  | Identified the +1 battleaxe of Articulation {elec, +Inv rF-
                  | rN+++ Str-4}
 36555 | Snake:4  | Found a transporter.
 36846 | Snake:4  | HP: 6/141 [nagaraja/lance of force (37)]
 38121 | Snake:4  | Reached XP level 19. HP: 123/148 MP: 34/35
 38132 | Snake:4  | Noticed Vashnia
 38155 | Snake:4  | Killed Vashnia
 38483 | Snake:4  | Identified the +3 falchion "Syutehops" {drain, rC+}
 39050 | Snake:4  | Got a serpentine rune of Zot
 39225 | Snake:4  | Was placed under penance by Cheibriados
 39238 | Snake:4  | Was forgiven by Cheibriados
 40066 | Snake:4  | Killed lis82's ghost
 40450 | D:14     | Noticed Agnes
 40477 | D:14     | Killed Agnes
 40667 | D:14     | Noticed Azrael
 40673 | D:14     | Killed Azrael
 40924 | D:14     | Learned a level 2 spell: Passwall
 40929 | D:14     | Learned a level 4 spell: Passage of Golubria
 40983 | D:14     | Noticed Jorgrun
 40998 | D:14     | Killed Jorgrun
 41407 | D:14     | Noticed Nessos
 41415 | D:14     | Killed Nessos
 41837 | D:14     | Found a gate to the Vaults.
 42001 | Orc:2    | Bought the +10 tower shield of Ignorance {rN+ Int-4} for
                  | 2005 gold pieces
 42001 | Orc:2    | Found the +10 tower shield of Ignorance {rN+ Int-4}
 42611 | Vaults:1 | Entered Level 1 of the Vaults
 42791 | Vaults:1 | Got a pitted ring mail
 42897 | Vaults:1 | Reached skill level 14 in Invocations
 43010 | Vaults:1 | Found Ixoezoez's Armour Boutique.
 43018 | Vaults:1 | Bought the +2 cloak of the Thief {+Fog Slay-2 SInv Stlth+}
                  | for 221 gold pieces
 43018 | Vaults:1 | Found the +2 cloak of the Thief {+Fog Slay-2 SInv Stlth+}
 43078 | Vaults:1 | Found the +12 glaive of Prune {vorpal}
 43992 | Vaults:2 | Reached XP level 20. HP: 156/156 MP: 37/37
 44276 | Vaults:2 | Noticed Mennas
 44284 | Vaults:2 | Killed Mennas
 46377 | Vaults:3 | Found a staircase to the Crypt.
 46387 | Vaults:3 | Reached XP level 21. HP: 164/164 MP: 38/38
 46953 | Vaults:4 | Identified the +3 ring mail of Impatience {*Drain rC+++
                  | rN++ Int-3} (You found it on level 1 of the Vaults)
 47370 | Vaults:4 | Reached skill level 15 in Invocations
 47387 | Vaults:4 | Learned a level 3 spell: Tukima's Dance
 48177 | Vaults:4 | Got a pair of heavily runed boots
 48182 | Vaults:4 | Identified the +0 pair of boots "Tipt" {Harm rN+ Regen+}
                  | (You found it on level 4 of the Vaults)
 48509 | Vaults:4 | Found the +3 robe of Clouds {+Thunder rCloud rElec}
 49087 | Vaults:5 | Entered Level 5 of the Vaults
 49090 | Vaults:5 | Noticed a golden dragon
 49101 | Vaults:5 | Reached XP level 22. HP: 143/173 MP: 20/40
 49101 | Vaults:5 | Killed a golden dragon
 49101 | Vaults:5 | Noticed a golden dragon
 49222 | Vaults:5 | Killed a golden dragon
 49223 | Vaults:5 | Reached skill level 15 in Bows
 49223 | Vaults:5 | Reached skill level 15 in Dodging
 50366 | Vaults:4 | Gained mutation: You are frail. (-10% HP) [mutagenic glow]
 50718 | Vaults:4 | Reached skill level 15 in Spellcasting
 50871 | Vaults:5 | Reached skill level 15 in Fighting
 50944 | Vaults:5 | Reached skill level 16 in Invocations
 51046 | Vaults:5 | Learned a level 4 spell: Hailstorm
 51140 | Vaults:5 | Noticed an ancient lich
 51152 | Vaults:5 | Killed an ancient lich
 51189 | Vaults:5 | Reached XP level 23. HP: 162/162 MP: 42/42
 51198 | Vaults:5 | Identified the Reference Book on the Frostbite and
                  | Weightlessness
 51202 | Vaults:5 | Got a smoking shortbow
 51335 | Vaults:5 | Got a slimy long sword
 51884 | Vaults:5 | Reached skill level 15 in Short Blades
 51884 | Vaults:5 | Reached skill level 15 in Long Blades
 51884 | Vaults:5 | Reached skill level 15 in Axes
 51884 | Vaults:5 | Reached skill level 15 in Maces & Flails
 51884 | Vaults:5 | Reached skill level 15 in Polearms
 51884 | Vaults:5 | Reached skill level 15 in Staves
 51884 | Vaults:5 | Reached skill level 15 in Slings
 51884 | Vaults:5 | Reached skill level 15 in Crossbows
 51884 | Vaults:5 | Reached skill level 15 in Throwing
 51884 | Vaults:5 | Reached skill level 15 in Armour
 51884 | Vaults:5 | Reached skill level 15 in Stealth
 51884 | Vaults:5 | Reached skill level 15 in Shields
 51884 | Vaults:5 | Reached skill level 15 in Unarmed Combat
 51884 | Vaults:5 | Reached skill level 15 in Evocations
 51939 | Vaults:5 | Noticed a golden dragon
 51949 | Vaults:5 | Killed a golden dragon
 51956 | Vaults:5 | Identified the +8 falchion of Fragile Peace {holy, rC+
                  | Str+6 Dex+5}
 51980 | Vaults:5 | Identified a scroll of acquirement
 52031 | Vaults:5 | Found the +9 staff of Olgreb {rPois∞}
 52054 | Vaults:5 | Got a silver rune of Zot
 52078 | Vaults:5 | Got a pair of dazzling boots
 52091 | Vaults:5 | Identified the +2 pair of boots "Lewad" {Regen+} (You found
                  | it on level 5 of the Vaults)
 52453 | Lair:1   | Upgraded the game from 0.26-a0-394-g0b5ff556b1 to
                  | 0.26-a0-412-ga3d1f51b80
 52519 | Slime:1  | Entered Level 1 of the Pits of Slime
 52903 | Slime:2  | Gained mutation: You are weak. (Str -2) [a shining eye]
 52937 | Slime:1  | Gained mutation: Scrolls take you a little longer to read.
                  | [a shining eye]
 52940 | Slime:1  | Gained mutation: You are very frail. (-20% HP) [a shining
                  | eye]
 53847 | Slime:3  | Gained mutation: Your body sometimes deteriorates upon
                  | taking damage. [a shining eye]
 53848 | Slime:3  | Gained mutation: Scrolls take you longer to read. [a
                  | shining eye]
 53856 | Slime:3  | Gained mutation: You do not regenerate when monsters are
                  | visible. [a shining eye]
 53858 | Slime:3  | Gained mutation: You are very weak. (Str -4) [a shining
                  | eye]
 53862 | Slime:3  | Gained mutation: Your spells are a little easier to cast,
                  | but a little less powerful. [a shining eye]
 54638 | Slime:4  | Gained mutation: Your spells are easier to cast, but less
                  | powerful. [a shining eye]
 54641 | Slime:4  | Gained mutation: Potions are less effective at restoring
                  | your health. [a shining eye]
 54655 | Slime:4  | Gained mutation: You tend to lose your temper in combat. [a
                  | shining eye]
 54963 | Slime:3  | Gained mutation: You are occasionally teleported next to
                  | monsters. [a shining eye]
 55112 | Slime:3  | Gained mutation: You often lose your temper in combat. [a
                  | shining eye]
 55123 | Slime:3  | Gained mutation: You occasionally shout uncontrollably at
                  | your foes. [a shining eye]
 55278 | Slime:5  | Entered Level 5 of the Pits of Slime
 55347 | Slime:5  | Reached XP level 24. HP: 145/151 MP: 42/42
 55454 | Slime:5  | Noticed the Royal Jelly
 55699 | Slime:5  | Killed the Royal Jelly
 56011 | Slime:5  | Identified the Guide on Feathery Calling
 56051 | Slime:5  | Identified the Disquisition on Dislocation and Changing
 56063 | Slime:5  | Gained mutation: Your magical capacity is low. (-10% MP) [a
                  | shining eye]
 56114 | Slime:5  | Identified the Catalogue of the Dusty Snowflakes
 56124 | Slime:5  | Got a translucent ring mail
 56128 | Slime:5  | Paralysed by a floating eye for 4 turns
 56189 | Slime:5  | Got a dazzling great mace
 56191 | Slime:5  | Got a slimy rune of Zot
 56845 | Lair:5   | Identified the +10 great mace of Midsummer {flame, Str+4
                  | Int+3} (You found it on level 5 of the Pits of Slime)
 56985 | Lair:1   | Identified the +2 ring mail of Cocytus {rElec rPois} (You
                  | found it on level 5 of the Pits of Slime)
 57035 | Shoals:1 | Entered Level 1 of the Shoals
 57350 | Shoals:1 | Found a runed translucent door.
 58285 | Shoals:2 | Noticed Ilsuiw
 58306 | Shoals:2 | Killed Ilsuiw
 58406 | Shoals:2 | Found Cookk's Island Escapes.
 58771 | Shoals:3 | Learned a level 5 spell: Silence
 58928 | Shoals:3 | Reached skill level 17 in Invocations
 59478 | Shoals:4 | Entered Level 4 of the Shoals
 59916 | Shoals:4 | Noticed Mara
 59926 | Shoals:4 | Noticed pupurumpum's illusion
 59962 | Shoals:4 | Killed Mara
 60272 | Shoals:4 | Noticed Nikola
 60312 | Shoals:4 | Killed Nikola
 60633 | Lair:1   | Lost mutation: Your magical capacity is low. (-10% MP)
                  | [potion of mutation]
 60633 | Lair:1   | Lost mutation: You often lose your temper in combat.
                  | [potion of mutation]
 60633 | Lair:1   | Gained mutation: You have sharp fingernails. [potion of
                  | mutation]
 60633 | Lair:1   | Gained mutation: You expend magic power (3 MP) to
                  | strengthen your wands. [potion of mutation]
 60634 | Lair:1   | Lost mutation: Scrolls take you longer to read. [potion of
                  | mutation]
 60634 | Lair:1   | Lost mutation: You expend magic power (3 MP) to strengthen
                  | your wands. [potion of mutation]
 60634 | Lair:1   | Lost mutation: You are very weak. (Str -4) [potion of
                  | mutation]
 60634 | Lair:1   | Gained mutation: Your flesh is cold resistant. (rC+)
                  | [potion of mutation]
 60635 | Lair:1   | Lost mutation: You do not regenerate when monsters are
                  | visible. [potion of mutation]
 60635 | Lair:1   | Lost mutation: Scrolls take you a little longer to read.
                  | [potion of mutation]
 60635 | Lair:1   | Lost mutation: Your spells are easier to cast, but less
                  | powerful. [potion of mutation]
 60635 | Lair:1   | Lost mutation: You are weak. (Str -2) [potion of mutation]
 60635 | Lair:1   | Gained mutation: You often lose your temper in combat.
                  | [potion of mutation]
 60635 | Lair:1   | Gained mutation: Your flesh is heat resistant. (rF+)
                  | [potion of mutation]
 60635 | Lair:1   | Gained mutation: You passively map a small area around you.
                  | [potion of mutation]
 60636 | Lair:1   | Lost mutation: You have sharp fingernails. [potion of
                  | mutation]
 60636 | Lair:1   | Lost mutation: Your body sometimes deteriorates upon taking
                  | damage. [potion of mutation]
 60636 | Lair:1   | Lost mutation: Your flesh is heat resistant. (rF+) [potion
                  | of mutation]
 60636 | Lair:1   | Gained mutation: You expend magic power (3 MP) to
                  | strengthen your wands. [potion of mutation]
 60636 | Lair:1   | Gained mutation: Your muscles are strong. (Str +2) [potion
                  | of mutation]
 60637 | Lair:1   | Lost mutation: You expend magic power (3 MP) to strengthen
                  | your wands. [potion of mutation]
 60637 | Lair:1   | Lost mutation: You occasionally shout uncontrollably at
                  | your foes. [potion of mutation]
 60637 | Lair:1   | Gained mutation: You are partially covered in thin metallic
                  | scales. (AC +2) [potion of mutation]
 60638 | Lair:1   | Lost mutation: You are very frail. (-20% HP) [potion of
                  | mutation]
 60638 | Lair:1   | Lost mutation: Your muscles are strong. (Str +2) [potion of
                  | mutation]
 60638 | Lair:1   | Gained mutation: You have large cloven feet. [potion of
                  | mutation]
 60639 | Lair:1   | Lost mutation: You are frail. (-10% HP) [potion of
                  | mutation]
 60639 | Lair:1   | Lost mutation: Potions are less effective at restoring your
                  | health. [potion of mutation]
 60639 | Lair:1   | Lost mutation: You passively map a small area around you.
                  | [potion of mutation]
 60639 | Lair:1   | Lost mutation: You are partially covered in thin metallic
                  | scales. (AC +2) [potion of mutation]
 60639 | Lair:1   | Gained mutation: You are weak. (Str -2) [potion of
                  | mutation]
 60639 | Lair:1   | Gained mutation: You have extremely sharp teeth. [potion of
                  | mutation]
 60754 | Orc:2    | Bought a potion of mutation for 112 gold pieces
 60754 | Orc:2    | Lost mutation: Your spells are a little easier to cast, but
                  | a little less powerful. [potion of mutation]
 60754 | Orc:2    | Lost mutation: You are occasionally teleported next to
                  | monsters. [potion of mutation]
 60754 | Orc:2    | Lost mutation: You have large cloven feet. [potion of
                  | mutation]
 60754 | Orc:2    | Gained mutation: Your body sometimes deteriorates upon
                  | taking damage. [potion of mutation]
 60754 | Orc:2    | Gained mutation: You have an increased reservoir of magic.
                  | (+10% MP) [potion of mutation]
 60754 | Orc:2    | Gained mutation: You have large cloven feet. [potion of
                  | mutation]
 61103 | Shoals:4 | Got a barnacled rune of Zot
 61495 | Shoals:2 | Bought a scroll of blinking for 82 gold pieces
 61495 | Shoals:2 | Bought a scroll of blinking for 82 gold pieces
 61700 | Lair:1   | Identified the +5 long sword of Slow Death {flame, +Inv}
                  | (You found it on level 5 of the Vaults)
 61936 | Crypt:1  | Entered Level 1 of the Crypt
 61996 | Crypt:1  | Learned a level 2 spell: Wereblood
 62138 | Crypt:1  | Noticed Jory
 62158 | Crypt:1  | Killed Jory
 62158 | Crypt:1  | Reached XP level 25. HP: 175/197 MP: 47/47
 63607 | Crypt:2  | Found a magical portal.
 63619 | WizLab   | Entered The Hall of the Hellbinder
 63653 | WizLab   | Gained mutation: Scrolls take you a little longer to read.
                  | [a neqoxec]
 63989 | WizLab   | Found a burning altar of Makhleb.
 64211 | WizLab   | Got a brightly glowing longbow
 64234 | WizLab   | Identified Jemn's Guide on Calling
 64241 | WizLab   | Identified the cursed +2 longbow of Yeast {flame, rPois}
                  | (You found it in a wizard's laboratory)
 64243 | WizLab   | Identified the +10 dire flail of Gehenna {vamp, rElec rN+}
                  | (You found it in a wizard's laboratory)
 64247 | WizLab   | Got a transparent cloak
 64253 | WizLab   | Identified the +2 cloak of Idealism {MR+ Slay+4} (You found
                  | it in a wizard's laboratory)
 65302 | Crypt:2  | Reached skill level 15 in Hexes
 65451 | Crypt:2  | Learned a level 5 spell: Blade Hands
 65518 | Crypt:3  | Entered Level 3 of the Crypt
 65809 | Crypt:3  | Found a staircase to the Tomb.
 66002 | Crypt:3  | Got a fading dagger {venom}
 66033 | Crypt:3  | Noticed a greater mummy
 66034 | Crypt:3  | Found the ring of Shadows {Umbra +Inv Stlth+}
 66043 | Crypt:3  | Killed a greater mummy
 66239 | Crypt:3  | Identified the +11 dagger of Guile {venom, Str+3} (You took
                  | it off a vampire mage on level 3 of the Crypt)
 66263 | Crypt:3  | Noticed a greater mummy
 66274 | Crypt:3  | Killed a greater mummy
 66297 | Crypt:3  | Got a steaming iron amulet
 66312 | Crypt:3  | Identified the amulet of Imeoj {Reflect rC+ SH+5} (You
                  | found it on level 3 of the Crypt)
 66507 | Crypt:3  | Identified the ring of Yxarofue {MP+9 Int+4 Dex+4 Stlth-}
 66513 | Crypt:3  | Reached XP level 26. HP: 201/206 MP: 48/48
 66635 | Crypt:3  | Found a basalt altar of Yredelemnul.
 66649 | Crypt:3  | Reached skill level 18 in Invocations
 67177 | Crypt:3  | Got a jewelled great sword
 67190 | Crypt:3  | Identified the +11 great sword of the King {venom, rPois
                  | MR+} (You found it on level 3 of the Crypt)
 67328 | Crypt:3  | Learned a level 4 spell: Dispel Undead
 67334 | Crypt:3  | Learned a level 5 spell: Irradiate
 68187 | Tomb:1   | Entered Level 1 of the Tomb of the Ancients
 68512 | Tomb:1   | Noticed a greater mummy
 68522 | Tomb:1   | Killed a greater mummy
 69353 | Tomb:1   | Noticed a greater mummy
 69359 | Tomb:1   | Killed a greater mummy
 70131 | Tomb:2   | Noticed a greater mummy
 70132 | Tomb:2   | Noticed a greater mummy
 70132 | Tomb:2   | Noticed a greater mummy
 70135 | Tomb:2   | Noticed a greater mummy
 70148 | Tomb:2   | Killed from afar by a greater mummy

Illustrated notes

Levels and vault maps discovered:
D:1:      lemuel_arrival_rhombus, layout_basic
D:2:      layout_basic, lemuel_doored_altar, minmay_circled_x, uniq_jessica
D:3:      layout_loops_ring, grunt_temple_overflow_diamond, st_stairs_11,
          uniq_robin
D:4:      layout_basic, minmay_temple_entry_hall, serial_forest,
          infiniplex_forest_clump_tiny, infiniplex_forest_end_2,
          infiniplex_forest_straight_2, infiniplex_forest_zigzag_1,
          infiniplex_forest_end_3, infiniplex_forest_end_2,
          infiniplex_forest_clump_small, infiniplex_forest_clump_tiny,
          portal_sewer_entry_d, uniq_edmund
D:5:      kennysheep_spiral_hall, layout_basic, uniq_crazy_yiuf_cottage
D:6:      layout_cave_pods, elyvilon_altar_3,
          nicolae_dithmenos_through_a_glass_darkly, moated_statue, uniq_sigmund,
          uniq_menkaure
D:7:      layout_rooms, ashenzari_conservatory_becter, basic_altar
D:8:      layout_loops_ring, roderic_serpentine_path, minivault_19, uniq_maurice
D:9:      layout_loops_ring, basic_altar
D:10:     layout_long_grid, serial_ice, serial_ice_i, serial_ice_e,
          serial_ice_b, serial_ice_d, kennysheep_nub
D:11:     layout_loops_cross, erik_lair_orcish_takeover, minmay_the_grid_2x2
          [minmay_the_grid_minigrid_small_alt, minmay_the_grid_empty,
          minmay_the_grid_all_tris, minmay_the_grid_prize_four_corners]
D:12:     layout_roguey, zombieorc1_lemuel, disabler_island
D:13:     layout_rooms, serial_shops, shop_fountains, basic_altar
D:14:     layout_loops_corners, grunt_vaults_entry_fortified,
          palyth_stone_intersect, gauntlet_entry_generic, serial_shops,
          kennysheep_mini, serial_bayou, serial_bayou_pond_c,
          serial_bayou_pond_d, serial_bayou_lake_a, serial_bayou_ford_a,
          uniq_agnes, uniq_azrael, uniq_jorgrun, uniq_nessos
Temple:   regret_index_temple_generic_petals
Lair:1:   layout_hall_layers, serial_bayou_lagoon_a, infiniplex_staircase_pool_2
Lair:2:   layout_roguey, lemuel_another_geyser
Lair:3:   layout_hall_layers
Lair:4:   layout_regular_city, elwin_shoals_entry_stream,
          minmay_snake_entry_guardpost_small, chequers_serial_rivers_small_b,
          grunt_megastairs_5
Lair:5:   layout_gridlike, slime_dummy, grunt_megastairs_3
Lair:6:   grunt_lair_end_beastmaster, layout_cave_pods
Shoals:1: layout_shoals, lightli_airlock
Shoals:2: layout_shoals, nicolae_island_escapes, uniq_ilsuiw
Shoals:3: layout_shoals
Shoals:4: shoals_end_grunt_ice, layout_shoals, nicolae_shoals_aquamancer_cove,
          uniq_mara, uniq_nikola
Snake:1:  layout_basic, serial_shops, shop, basic_altar, st_stairs_12
Snake:2:  layout_gridlike, ebering_ghost_reflecting_pool, st_stairs_14,
          grunt_megastairs_4
Snake:3:  layout_rooms, ebering_ghost_reflecting_pool, grunt_megastairs_1
Snake:4:  johnstein_snake_rune_scales, layout_cave_town,
          gammafunk_ghost_wrathful_warriors
Slime:1:  layout_caves
Slime:2:  layout_caves
Slime:3:  layout_caves
Slime:4:  layout_caves
Slime:5
Orc:1:    layout_caves, serial_shops, uniq_nergalle, uniq_josephine, uniq_harold
Orc:2:    grunt_orc_cross, layout_diamond_mine, basic_altar
Elf:1:    eino_elf_arrival_shootout, layout_loops_corners,
          gammafunk_ghost_wrathful_warriors, minmay_elf_demonology, minivault_16
Elf:2:    layout_geoelf_octagon
Elf:3:    grunt_elf_hall_branching, layout_geoelf_octagon, serial_shops, shop
Vaults:1: nicolae_vaults_asterisk, nicolae_vaults_mini_display_case,
          ontoclasm_vaults_ring_square, v_pattern_1,
          hangedman_vaults_corner_blocks, hangedman_vaults_pinch,
          vaults_mumra_hexcomb, nicolae_vaults_windows_and_doors_thing,
          layout_vaults_omnicross, serial_shops, shop_statue
Vaults:2: nicolae_vaults_bisected_inception, nicolae_vaults_shelves_hall,
          hangedman_vaults_stretched_pinwheel, vaults_room_octagon,
          nicolae_vaults_little_squares_1, dpeg_vaults_waves,
          nicolae_vaults_little_squares_5, hangedman_vaults_snaps,
          ontoclasm_vaults_ligature, layout_vaults_quadrants, uniq_mennas
Vaults:3: nicolae_vaults_yaktaur_gun_rack, nicolae_vaults_network_square,
          hangedman_vaults_corner_blocks, ontoclasm_vaults_loading_screen,
          minmay_crypt_entry_simple_sparse, nicolae_vaults_big_ls,
          nicolae_vaults_hallways_thing, v_alt_pattern_3,
          nicolae_vaults_back_hallway, vaults_mumra_minichess_inversion,
          grunt_vaults_hallway_long, layout_vaults_omnibox
Vaults:4: dpeg_vaults_monster_box, ontoclasm_vaults_decontamination,
          hangedman_vaults_stagger, hangedman_vaults_nails,
          nicolae_vaults_network_quincunx
          [nicolae_vaults_network_quincunx_subvault,
          nicolae_vaults_network_quincunx_subvault,
          nicolae_vaults_network_quincunx_subvault,
          nicolae_vaults_network_quincunx_subvault,
          nicolae_vaults_network_quincunx_subvault], v_pattern_3,
          grunt_vaults_hallway_long, v_misc_32, vaults_dpeg_encased_lava,
          vaults_mumra_bighexcomb, ontoclasm_vaults_ring_small, v_misc_15,
          layout_vaults_maze_bifur
Vaults:5: serial_shops
Crypt:1:  layout_regular_city, minivault_23, grunt_crypt_arrival_guarded_gate,
          uniq_jory
Crypt:2:  layout_chaotic_city, infiniplex_enter_wizlab_glasses, st_stairs_14,
          grunt_ministairs_13, serial_sigils_hangedman_clutch, st_chilly_death,
          uniq_saint_roka
Crypt:3:  church_of_pain_bobbens, layout_chaotic_city,
          tomb_entry_simple_bobbens, st_burial_chamber
Tomb:1
Tomb:2

Skill      XL: |  1  2  3  4  5  6  7  8  9 10 11 12 13 14 15 16 17 18 19 20 21 22 23 24 25 26 |
---------------+-------------------------------------------------------------------------------+-----
Invocations    | 1 2 3 4 5 6 7 8 9 10 11 12 13 14 15 16 17 18 | 18.4
Short Blades   | 1 2 3 4 5 6 7 8 9 10 11 12 13 14 15 16 17 | 17.1
Long Blades    | 1 2 3 4 5 6 7 8 9 10 11 12 13 14 15 16 17 | 17.1
Axes           | 1 2 3 4 5 6 7 8 9 10 11 12 13 14 15 16 17 | 17.1
Maces & Flails | 1 2 3 4 5 6 7 8 9 10 11 12 13 14 15 16 17 | 17.1
Polearms       | 1 2 3 4 5 6 7 8 9 10 11 12 13 14 15 16 17 | 17.1
Staves         | 1 2 3 4 5 6 7 8 9 10 11 12 13 14 15 16 17 | 17.1
Slings         | 1 2 3 4 5 6 7 8 9 10 11 12 13 14 15 16 17 | 17.1
Crossbows      | 1 2 3 4 5 6 7 8 9 10 11 12 13 14 15 16 17 | 17.1
Throwing       | 1 2 3 4 5 6 7 8 9 10 11 12 13 14 15 16 17 | 17.1
Armour         | 1 2 3 4 5 6 7 8 9 10 11 12 13 14 15 16 17 | 17.1
Stealth        | 1 2 3 4 5 6 7 8 9 10 11 12 13 14 15 16 17 | 17.1
Shields        | 1 2 3 4 5 6 7 8 9 10 11 12 13 14 15 16 17 | 17.1
Unarmed Combat | 1 2 3 4 5 6 7 8 9 10 11 12 13 14 15 16 17 | 17.1
Evocations     | 1 2 3 4 5 6 7 8 9 10 11 12 13 14 15 16 17 | 17.1
Spellcasting   | 3 4 5 6 7 8 9 10 11 12 13 14 15 16 17 | 17.3
Conjurations   | 1 2 3 4 5 6 7 8 9 10 11 12 13 14 | 14.7
Summonings     | 1 2 3 4 5 6 7 8 9 10 11 12 13 14 | 14.7
Necromancy     | 1 2 3 4 5 6 7 8 9 10 11 12 13 14 | 14.7
Translocations | 1 2 3 4 5 6 7 8 9 10 11 12 13 14 | 14.7
Transmutations | 1 2 3 4 5 6 7 8 9 10 11 12 13 14 | 14.7
Fire Magic     | 1 2 3 4 5 6 7 8 9 10 11 12 13 14 | 14.7
Ice Magic      | 1 2 3 4 5 6 7 8 9 10 11 12 13 14 | 14.7
Air Magic      | 1 2 3 4 5 6 7 8 9 10 11 12 13 14 | 14.7
Earth Magic    | 1 2 3 4 5 6 7 8 9 10 11 12 13 14 | 14.7
Poison Magic   | 1 2 3 4 5 6 7 8 9 10 11 12 13 14 | 14.7
Fighting       | 3 4 5 6 7 8 9 10 11 12 13 14 15 16 17 | 17.3
Bows           | 5 6 7 8 9 10 11 12 13 14 15 16 17 | 17.6
Dodging        | 5 6 7 8 9 10 11 12 13 14 15 16 17 | 17.6
Hexes          | 6 7 8 9 10 11 12 13 14 15 | 15.5

Action                   |  1- 3 |  4- 6 |  7- 9 | 10-12 | 13-15 | 16-18 | 19-21 | 22-24 | 25-27 || total
-------------------------+-------+-------+-------+-------+-------+-------+-------+-------+-------++-------
Melee: Mace              |       |    26 |   202 |   476 |   652 |   691 |   892 |  1579 |   764 ||  5282
       Long sword        |       |    10 |       |       |       |       |       |       |       ||    10
       Bite              |       |     6 |    30 |    95 |   144 |   160 |   196 |   390 |   204 ||  1225
       Punch             |       |       |     4 |    28 |    36 |       |       |       |       ||    68
 Fire: Shortbow          |    92 |   143 |    15 |       |       |       |       |       |       ||   250
Throw: Dart              |       |       |    53 |   142 |   283 |    61 |     5 |       |       ||   544
       Javelin           |       |       |     5 |     8 |    32 |    16 |    60 |   101 |   144 ||   366
       Throwing net      |       |       |       |       |     3 |       |     1 |       |       ||     4
       Boomerang         |       |       |       |       |     1 |   314 |   370 |   246 |       ||   931
 Cast: Corona            |    24 |    39 |    10 |       |       |    14 |   102 |    33 |    10 ||   232
       Slow              |       |    16 |     2 |       |       |       |       |       |       ||    18
       Confusing Touch   |       |       |       |     1 |     4 |    15 |     4 |    10 |       ||    34
       Frozen Ramparts   |       |       |       |       |    11 |    43 |    56 |    23 |    34 ||   167
       Ozocubu's Armour  |       |       |       |       |    10 |    32 |     7 |    15 |     1 ||    65
       Cause Fear        |       |       |       |       |     1 |     2 |     2 |    15 |       ||    20
       Lesser Beckoning  |       |       |       |       |       |    37 |    34 |   128 |    41 ||   240
       Tukima's Dance    |       |       |       |       |       |       |     2 |     1 |    17 ||    20
       Hailstorm         |       |       |       |       |       |       |       |     3 |     4 ||     7
       Silence           |       |       |       |       |       |       |       |     4 |     6 ||    10
       Passwall          |       |       |       |       |       |       |       |     3 |     1 ||     4
       Wereblood         |       |       |       |       |       |       |       |     1 |    22 ||    23
       Blade Hands       |       |       |       |       |       |       |       |       |     1 ||     1
       Dispel Undead     |       |       |       |       |       |       |       |       |    16 ||    16
       Irradiate         |       |       |       |       |       |       |       |       |     1 ||     1
Invok: Bend Time         |       |     1 |     2 |     6 |     3 |     3 |     2 |     8 |       ||    25
       Slouch            |       |       |       |       |     3 |     2 |     5 |    10 |     7 ||    27
       Step From Time    |       |       |       |       |       |       |     2 |     2 |     4 ||     8
       Temporal Distorti |       |       |       |       |       |       |       |     1 |       ||     1
 Abil: Evoke Invisibilit |       |       |       |       |       |       |       |     2 |     2 ||     4
Evoke: Wand              |       |       |       |    20 |    54 |    32 |    53 |     2 |     5 ||   166
       Tin of tremorston |       |       |       |       |     5 |     8 |    15 |    17 |     4 ||    49
       Lightning rod     |       |       |       |       |       |    15 |    20 |    18 |     6 ||    59
       Phial of floods   |       |       |       |       |       |     1 |     2 |     3 |       ||     6
       Phantom mirror    |       |       |       |       |       |       |       |     4 |       ||     4
       Box of beasts     |       |       |       |       |       |       |       |     2 |       ||     2
  Use: Scroll            |       |     7 |     3 |    13 |    10 |     6 |    11 |    11 |    11 ||    72
       Potion            |       |       |       |       |     7 |    24 |       |    13 |     5 ||    49
 Stab: Sleeping          |       |     2 |     6 |     4 |    14 |     2 |       |       |       ||    28
       Confused          |       |       |       |     1 |       |     6 |     7 |    10 |       ||    24
       Petrified         |       |       |       |       |     5 |       |       |       |       ||     5
       Paralysed         |       |       |       |       |     4 |       |     3 |     2 |       ||     9
       Distracted        |       |       |       |       |     2 |       |       |     1 |       ||     3
       Fleeing           |       |       |       |       |       |       |       |     1 |       ||     1
Armor: Robe              |     7 |    30 |    13 |       |       |       |       |       |       ||    50
       Leather armour    |       |       |     9 |       |       |       |       |       |       ||     9
       Ring mail         |       |       |    25 |     5 |       |       |       |       |       ||    30
       Chain mail        |       |       |       |   175 |   199 |    53 |       |       |       ||   427
       Skin              |       |       |       |       |       |    13 |       |       |       ||    13
       Crystal plate arm |       |       |       |       |       |   220 |   287 |   515 |   267 ||  1289
Dodge: Dodged            |    33 |   117 |   170 |   445 |   598 |   305 |   189 |   416 |   282 ||  2555
Block: Buckler           |       |       |       |       |    92 |   364 |   148 |       |       ||   604
       Reflection        |       |       |       |       |       |    32 |   143 |    99 |     2 ||   276
       Tower shield      |       |       |       |       |       |       |   893 |  2147 |  1352 ||  4392
       Rpst.: Long sword |       |     4 |       |       |       |       |       |       |       ||     4

Table legend: (Time is in decaauts)
 A = Elapsed time spent in this place.
 B = Non-inter-level travel time spent in this place.
 C = Inter-level travel time spent in this place.
 D = Time resting spent in this place.
 E = Time spent auto-exploring this place.
 F = Levels seen in this place.
 G = Mean time per level.
                   A        B        C        D        E       F      G
               +--------+--------+--------+--------+--------+-----+--------+
         Total | 101833 |  88358 |  13475 |  14464 |  50896 |  51 | 1996.7 |
       Dungeon |  24714 |  20611 |   4103 |   1205 |  14860 |  14 | 1765.3 |
        Temple |    246 |    185 |     61 |      0 |    182 |   1 |  246.0 |
          Lair |  13501 |  11053 |   2448 |   1075 |   8131 |   6 | 2250.2 |
        Shoals |   6858 |   6067 |    791 |    419 |   3791 |   4 | 1714.5 |
     Snake Pit |   9198 |   8461 |    737 |   2244 |   4624 |   4 | 2299.5 |
    Slime Pits |   6276 |   5662 |    614 |    988 |   3241 |   5 | 1255.2 |
  Orcish Mines |   3037 |   2155 |    882 |    302 |   1499 |   2 | 1518.5 |
   Elven Halls |  11094 |  10560 |    534 |   4609 |   2504 |   3 | 3698.0 |
        Vaults |  15370 |  12953 |   2417 |   1185 |   8000 |   5 | 3074.0 |
         Crypt |   6915 |   6259 |    656 |    841 |   2949 |   3 | 2305.0 |
          Tomb |   2688 |   2460 |    228 |    838 |    952 |   2 | 1344.0 |
        Wizlab |   1001 |   1001 |      0 |    308 |    161 |   1 | 1001.0 |
      Gauntlet |    931 |    931 |      0 |    448 |      0 |   1 |  931.0 |
               +--------+--------+--------+--------+--------+-----+--------+

Top non-repeatable levels by time:
Vaults:4: 4050 daAuts
   Elf:2: 4013 daAuts
   Elf:3: 3931 daAuts
    D:14: 3802 daAuts
Vaults:2: 3331 daAuts
 Snake:4: 3310 daAuts
   Elf:1: 3150 daAuts
  Lair:6: 3107 daAuts
 Crypt:3: 3102 daAuts
    D:12: 3054 daAuts
Vaults:3: 2813 daAuts
    D:11: 2791 daAuts
Vaults:5: 2730 daAuts
  Tomb:1: 2668 daAuts
  Lair:4: 2450 daAuts
